 Dungeon Crawl Stone Soup version 0.18.1-50-g88ac8fd (webtiles) character file.

538 Enroth the Magician (level 7, -1/36 HPs)
             Began as a Deep Elf Conjurer on Sept 16, 2016.
             Was an Initiate of Vehumet.
             Killed by divine providence
             ... invoked by an orc priest
              (11 damage)
             ... on level 5 of the Dungeon.
             The game lasted 00:21:52 (2453 turns).

Enroth the Magician (Deep Elf Conjurer)             Turns: 2453, Time: 00:21:53

Health: -1/36      AC:  7    Str:  5      XL:     7   Next: 5%
Magic:  12/28      EV: 16    Int: 21 (22) God:    Vehumet [......]
Gold:   193        SH:  0    Dex: 14 (15) Spells: 3 memorised, 13 levels left

rFire  . . .     SeeInvis .     (no weapon)
rCold  . . .     Gourm    .     a - +0 robe
rNeg   . . .     Faith    .     (no shield)
rPois  .         Spirit   .     k - +0 helmet
rElec  .         Dismiss  .     (no cloak)
rCorr  .         Reflect  .     (no gloves)
SustAt .         Harm     .     (no boots)
MR     .....                    i - amulet of regeneration
Stlth  ++........               h - ring of magical power
                                q - +3 ring of evasion

@: not resistant to hostile enchantments, unstealthy
A: iridescent scales 1
a: Renounce Religion


You were on level 5 of the Dungeon.
You worshipped Vehumet.
Vehumet was noncommittal.
You were not hungry.

You visited 2 branches of the dungeon, and saw 6 of its levels.

You collected 193 gold pieces.

Inventory:

Armour
 a - a +0 robe (worn)
 k - a +0 helmet (worn)
Jewellery
 h - a ring of magical power (right hand)
 i - an amulet of regeneration (around neck)
 q - a +3 ring of evasion (left hand)
 A - a +3 amulet of reflection
Wands
 z - a wand of iceblast (15/15)
Scrolls
 e - 3 scrolls of identify
 m - a scroll of magic mapping
 u - a scroll of blinking
 w - a scroll of remove curse
Potions
 d - a potion of mutation {unknown}
Books
 b - a book of Conjurations

   Spells                             Type                      Level
   a - Magic Dart                     Conjuration                  1
   b - Searing Ray                    Conjuration                  2
   c - Dazzling Spray                 Conjuration/Hexes            3
   d - Fulminant Prism                Conjuration/Hexes            4
   e - Iskenderun's Mystic Blast      Conjuration                  4
   f - Iskenderun's Battlesphere      Conjuration/Charms           5
Comestibles
 c - 4 bread rations
 f - a slice of pizza
 l - a beef jerky
 t - 4 fruits
 B - a meat ration


   Skills:
 + Level 3.4 Dodging
 + Level 3.3 Stealth
 * Level 7.1 Spellcasting
 + Level 6.9 Conjurations


You had 13 spell levels left.
You knew the following spells:

 Your Spells              Type           Power        Failure   Level  Hunger
a - Magic Dart            Conj           ####         1%          1    None
b - Searing Ray           Conj           #####.       1%          2    None
c - Iskenderun's Mystic   Conj           #####...     6%          4    ###....


Dungeon Overview and Level Annotations

Branches:
Dungeon (5/15)             Temple (1/1) D:4

Altars:
Ashenzari
Cheibriados
Dithmenos
Fedhas
Gozag
Kikubaaqudgha
Makhleb
Nemelex Xobeh
Pakellas
Qazlal
Ru
Sif Muna
Trog
Vehumet
Xom
Yredelemnul
Zin
The Shining One

Annotations:
D:2 Sigmund


Innate Abilities, Weirdness & Mutations

You are partially covered in iridescent scales (AC +4).


Message History

The searing ray hits the hound.
You kill the hound!
Vehumet accepts your kill.
You have reached level 7!
The searing ray hits the orc.
You kill the orc!
Vehumet accepts your kill.
The orc priest calls down the wrath of Beogh upon you.
Beogh smites you!
* * * LOW HITPOINT WARNING * * *
Drink which item? (? for menu, Esc to quit)
You feel better.
The orc priest calls down the wrath of Beogh upon you.
You struggle to resist.
The orc priest calls down the wrath of Beogh upon you.
Pain shoots through your body!
* * * LOW HITPOINT WARNING * * *
The orc priest mumbles some strange prayers to Beogh against you.
Beogh smites you!
You die...

######### ##.......#
###### #......#.#
####....# ##..#...#.#
#P§§..P.###.#.......#####
§§§≈§≈P<@..###...........
§§§§≈.......#.##.##.####.
#P§§§≈..##.#o.o.o...# #.
#P≈§§≈.....#####.#### #.
#..§§PP###.# ##)## #.
##.#### #.# ##..o## #. #.
PP###...a.## #. #
..##.......# ##
.8#........#


You could see 2 orc priests.

Vanquished Creatures
  Menkaure (D:5)
  A phantom (D:5)
  2 hounds
  An orc wizard (D:5)
  Ijyb (D:2)
  2 iguanas (D:4)
  A worker ant (D:4)
  A hound zombie (D:3)
  A hound skeleton (D:4)
  6 adders
  3 worms
  A dart slug (D:1)
  A giant gecko (D:4)
  3 orcs
  2 ball pythons
  3 giant cockroaches
  8 goblins
  5 hobgoblins
  3 quokkas
  2 bats
  4 giant newts
  5 kobolds
  A quokka zombie (D:5)
  4 rats
62 creatures vanquished.

Notes
Turn   | Place    | Note
--------------------------------------------------------------
     0 | D:1      | Enroth the Deep Elf Conjurer began the quest for the Orb.
     0 | D:1      | Reached XP level 1. HP: 10/10 MP: 6/6
   212 | D:1      | Reached XP level 2. HP: 15/15 MP: 6/8
   216 | D:1      | Learned a level 2 spell: Searing Ray
   627 | D:1      | Reached skill level 5 in Conjurations
   704 | D:2      | Noticed Ijyb
   722 | D:2      | Killed Ijyb
   722 | D:2      | Reached XP level 3. HP: 19/19 MP: 0/9
   965 | D:2      | Noticed Sigmund
  1243 | D:3      | Reached XP level 4. HP: 24/24 MP: 6/11
  1730 | D:4      | Reached skill level 4 in Spellcasting
  1765 | D:4      | Found a staircase to the Ecumenical Temple.
  1779 | Temple   | Entered the Ecumenical Temple
  1836 | Temple   | Became a worshipper of Vehumet
  1897 | D:4      | Reached XP level 5. HP: 28/28 MP: 6/13
  2153 | D:4      | Reached skill level 5 in Spellcasting
  2231 | D:4      | Reached XP level 6. HP: 20/32 MP: 1/16
  2327 | D:4      | Gained mutation: You are partially covered in iridescent scales (AC +4). [potion of beneficial mutation]
  2331 | D:5      | Entered Level 5 of the Dungeon
  2367 | D:5      | Noticed Menkaure
  2377 | D:5      | Killed Menkaure
  2377 | D:5      | Reached skill level 6 in Spellcasting
  2408 | D:5      | Reached skill level 7 in Spellcasting
  2420 | D:5      | Learned a level 4 spell: Iskenderun's Mystic Blast
  2443 | D:5      | Reached XP level 7. HP: 23/36 MP: 12/19
  2453 | D:5      | Killed from afar by an orc priest

Skill      XL: |  1  2  3  4  5  6 |
---------------+-------------------+-----
Conjurations   | 5 6 |  6.9
Spellcasting   | 4 5 7 |  7.1
Stealth        | 3 |  3.3
Dodging        | 3 |  3.4

Action                   |  1- 3 |  4- 6 |  7- 9 || total
-------------------------+-------+-------+-------++-------
 Cast: Magic Dart        |    58 |   106 |       ||   164
       Searing Ray       |     1 |     3 |       ||     4
  Use: Potion            |       |     9 |     1 ||    10
       Scroll            |       |     8 |       ||     8
  Eat: Chunk             |     1 |     3 |       ||     4
Armor: Robe              |     2 |     5 |       ||     7
Dodge: Dodged            |     7 |    15 |       ||    22
Block: Other             |       |     1 |       ||     1
